 Dungeon Crawl Stone Soup version 0.32-a0-666-ge8a8869 (webtiles) character file.

Game seed: 2499373394348415154

2694 KeepCalm the Mimic (level 9, 0/112 HPs)
             Began as a Yellow Draconian Shapeshifter on Mar 9, 2024.
             Was an Initiate of Wu Jian.
             Constricted to death by a juvenile weirdshock beast (19 damage)
             ... on level 7 of the Dungeon.
             The game lasted 00:11:15 (7745 turns).

KeepCalm the Mimic (Yellow Draconian Shapeshifter)  Turns: 7745, Time: 00:11:15

Health: 0/112      AC: 24    Str: 17    XL:     9   Next: 38%
Magic:  9/9        EV:  2    Int: 11    God:    Wu Jian [......]
Gold:   361        SH:  0    Dex: 14    Spells: 8/8 levels left

rFire   . .          .
                       - Unarmed
rCold   . . .        (no shield)
rNeg    . . .        (body armour unavailable)
rPois   +            (helmet currently unavailable)
rElec   .            C - melded +0 cloak
rCorr   .            (gloves currently unavailable)
SInv    .            (boots currently unavailable)
Will    .....        (no amulet)
Stlth   +            (no ring)
HPRegen 0.38/turn    (no ring)
MPRegen 0.11/turn

%: no passive effects
@: tree-form, constricted
A: stationary, stasis, torment immunity, boosted hp, (caustic breath), AC +7,
unfitting armour, (cold-blooded), (acid resistance)
a: Renounce Religion


You were on level 7 of the Dungeon.
You worshipped Wu Jian.
Wu Jian was noncommittal.
You were a tree.
You visited 1 branch of the dungeon, and saw 7 of its levels.
You also visited: Sewer.

You collected 361 gold pieces.

Inventory:

Missiles
 B - a throwing net (quivered)
Armour
 C - a +0 cloak (melded)
Talismans
 b - a beast talisman
 c - a flux talisman (active)
 y - a granite talisman
Scrolls
 d - 3 scrolls of enchant weapon {unknown}
 e - 5 scrolls of identify {unknown}
 f - 3 scrolls of amnesia {unknown}
 g - a scroll of revelation {unknown}
 j - a scroll of noise {unknown}
 l - a scroll of silence {unknown}
 p - 3 scrolls of immolation {unknown}
 q - 2 scrolls of teleportation {unknown}
 s - 3 scrolls of fog {unknown}
 t - 2 scrolls of butterflies {unknown}
 x - a scroll of brand weapon {unknown}
 z - 3 scrolls of enchant armour {unknown}
Potions
 a - 2 potions of lignification
 h - a potion of cancellation {unknown}
 i - a potion of berserk rage {unknown}
 k - 2 potions of degeneration {unknown}
 m - 2 potions of enlightenment {unknown}
 n - 2 potions of curing {unknown}
 o - a potion of mutation {unknown}
 r - a potion of experience {unknown}
 u - 2 potions of might {unknown}
 v - a potion of attraction {unknown}
 w - 3 potions of heal wounds
 A - a potion of magic {unknown}


   Skills:
 + Level 5.6 Fighting
 - Level 1.7 Dodging
 + Level 5.5 Unarmed Combat
 * Level 10.4 Shapeshifting


You had 8 spell levels left.
You didn't know any spells.
Your spell library contained the following spells:

 Spells                   Type           Power      Damage    Failure   Level
 Freeze                   Ice            0%         1d3       34%         1
 Ensorcelled Hibernation  Hex/Ice        0%         N/A       47%         2
 Dazzling Flash           Conj/Hex       0%         N/A       71%         3
 Frozen Ramparts          Ice            0%         1d1       71%         3
 Fugue of the Fallen      Necr           0%         N/A       71%         3
 Gell's Gravitas          Tloc           0%         N/A       71%         3
 Hailstorm                Conj/Ice       0%         3d5       71%         3
 Mephitic Cloud           Conj/Alch/Air  0%         N/A       71%         3
 Teleport Other           Tloc           0%         N/A       71%         3
 Anguish                  Hex/Necr       0%         N/A       98%         4
 Curse of Agony           Necr           0%         N/A       100%        5
 Silence                  Hex/Air        0%         N/A       100%        5
 Dispersal                Tloc           0%         N/A       100%        6


Dungeon Overview and Level Annotations

Branches:
Dungeon (7/15) Zot: 26741  Temple (0/1) D:6           Sewer (visited)

Altars:
Ashenzari
Elyvilon
Kikubaaqudgha
Uskayaw
Wu Jian
The Shining One

Shops:
D:2 [((((


Innate Abilities, Weirdness & Mutations

You are a tree.
Your roots penetrate the ground, keeping you stationary.
You cannot be teleported.
You are immune to unholy pain and torment.
Your maximum health is greatly increased.
Your equipment is partially melded.
((You can breathe corrosive fumes.))
((Your golden yellow scales are hard. (AC +7)))
You cannot fit into any form of body armour.
((You are cold-blooded and may be slowed by cold attacks.))
((You are resistant to acid. (rCorr)))


Message History

The juvenile weirdshock beast roars!
You hit the juvenile weirdshock beast but do no damage.
The juvenile weirdshock beast begins to glow.
You tail-slap the juvenile weirdshock beast, but do no damage.
The juvenile weirdshock beast bursts into living lightning!
The living lightning hits you!!
The juvenile weirdshock beast blinks!
You take 28 HP, and have [47/75] HP !!!!!
HP Warning !!!!!
You hit the juvenile weirdshock beast.
The juvenile weirdshock beast glows dangerously bright.
The juvenile weirdshock beast is lightly wounded.
The juvenile weirdshock beast bursts into living lightning!
The living lightning hits you!!
The juvenile weirdshock beast blinks!
You take 23 HP, and have [24/75] HP !!!!!
HP Warning !!!!!
Your transformation has ended.
You turn into a tree.
Your +0 cloak melds into your body.
Your roots penetrate the ground.
The juvenile weirdshock beast bursts into living lightning!
The living lightning hits you.
The juvenile weirdshock beast blinks!
Now you have [35/112] HP You pummel the juvenile weirdshock beast!!
The juvenile weirdshock beast is heavily wounded.
The juvenile weirdshock beast hits you but does no damage.
The juvenile weirdshock beast grabs you.
The juvenile weirdshock beast constricts you!
* * * LOW HITPOINT WARNING * * *
You take 9 HP, and have [26/112] HP You smack the juvenile weirdshock beast!
The juvenile weirdshock beast is severely wounded.
The juvenile weirdshock beast hits you but does no damage.
The juvenile weirdshock beast constricts you!
* * * LOW HITPOINT WARNING * * *
You take 7 HP, and have [19/112] HP You hit the juvenile weirdshock beast.
You punch the juvenile weirdshock beast, but do no damage.
The juvenile weirdshock beast is severely wounded.
The juvenile weirdshock beast hits you but does no damage.
The juvenile weirdshock beast constricts you!!
You die...

#.# #........#
#.####........#
#.............#
######........#
#....)...####
#...........#
####...)#...#
#....H...#
#...♣#...#
######)..#
....# .#.....
#..H..... #
........#
.........
..##......


You could see a juvenile weirdshock beast (heavy contam).

Vanquished Creatures
  A troll (D:6)
  An orc warrior (D:5)
  An ice beast (D:5)
  A sky beast (D:6)
  6 ogres
  4 kobold brigands (Sewer)
  A bullfrog (D:7)
  3 scorpions
  3 vampire bats (D:3)
  A bombardier beetle (D:3)
  3 jellies (D:5)
  7 orc priests
  2 hounds
  2 iguanas
  3 sleepcaps (D:5)
  5 orc wizards
  A mutant beast (D:7)
  Robin (D:3)
  14 gnolls
  6 adders
  3 river rats
  2 shadow imps
  A white imp (D:5)
  4 ufetubi (D:5)
  A dart slug (D:5)
  4 ribbon worms
  23 orcs
  7 ball pythons
  9 bats
  3 bat skeletons (D:3)
  2 bat zombies (D:3)
  13 endoplasms
  5 giant cockroaches
  15 goblins
  9 hobgoblins
  12 jackals
  12 kobolds
  2 quokkas (D:4)
  3 frilled lizards
  7 rats
203 creatures vanquished.

Vanquished Creatures (others)
  2 orcs (D:7)
2 creatures vanquished.

Grand Total: 205 creatures vanquished

Notes
Turn   | Place    | Note
-------+----------+-------------------------------------------
     0 | D:1      | KeepCalm the Draconian Shapeshifter began the quest for the
                  | Orb.
     0 | D:1      | Reached XP level 1. HP: 16/16 MP: 1/1
   149 | D:1      | Reached XP level 2. HP: 19/23 MP: 2/2
   538 | D:2      | Found Rionnadgh's Antique Weapon Shop.
   549 | D:2      | Reached skill level 4 in Shapeshifting
   638 | D:2      | Reached XP level 3. HP: 24/28 MP: 3/3
   690 | D:2      | Found Zomeoh's Weapon Boutique.
   743 | D:2      | Found Boyx's Armour Shoppe.
   756 | D:2      | Found Ynuisin's Weapon Shoppe.
   775 | D:2      | Found a transporter.
   775 | D:2      | Found Homnodd's Antique Weapon Shoppe.
   985 | D:2      | Found a transporter.
  1166 | D:3      | Found an ornate altar of the Wu Jian Council.
  1260 | D:3      | Reached XP level 4. HP: 21/35 MP: 4/4
  1375 | D:3      | Noticed Robin
  1387 | D:3      | Killed Robin
  1388 | D:3      | Reached skill level 5 in Shapeshifting
  1534 | D:2      | Reached XP level 5. HP: 30/40 MP: 5/5
  1702 | D:3      | Reached skill level 6 in Shapeshifting
  1964 | D:3      | Reached XP level 6. HP: 47/47 MP: 6/6
  1972 | D:3      | Found an ancient bone altar of Kikubaaqudgha.
  2392 | D:3      | Reached skill level 7 in Shapeshifting
  2539 | D:4      | Found a glowing drain.
  2586 | Sewer    | Entered a sewer
  2630 | Sewer    | Your scales start taking on a golden yellow colour.
  2630 | Sewer    | Reached XP level 7. HP: 16/57 MP: 7/7
  2630 | Sewer    | Gained mutation: You are resistant to acid. (rCorr) [Yellow
                  | Draconian growth]
  3897 | D:4      | Reached skill level 5 in Fighting
  3923 | D:4      | Reached skill level 5 in Unarmed Combat
  4072 | D:4      | Reached XP level 8. HP: 58/68 MP: 8/8
  4697 | D:5      | Entered Level 5 of the Dungeon
  4830 | D:5      | Reached skill level 8 in Shapeshifting
  6114 | D:6      | Noticed a troll
  6185 | D:5      | Reached skill level 9 in Shapeshifting
  6443 | D:3      | Noticed a spectral centipede
  6443 | D:3      | Noticed a spectral black mamba
  6444 | D:3      | Became a worshipper of the Wu Jian Council
  6534 | D:4      | You fall into a shaft and drop 1 floor!
  6561 | D:6      | Killed a troll
  6562 | D:6      | Reached XP level 9. HP: 22/74 MP: 9/9
  6742 | D:6      | Reached skill level 10 in Shapeshifting
  7164 | D:6      | Found a staircase to the Ecumenical Temple.
  7263 | D:6      | Found a white marble altar of Elyvilon.
  7263 | D:6      | Found a glowing golden altar of the Shining One.
  7272 | D:6      | Found a hide-covered altar of Uskayaw.
  7274 | D:6      | Found a faded altar of an unknown god.
  7276 | D:6      | Found a broken altar of Ashenzari.
  7552 | D:7      | Noticed a juvenile weirdshock beast
  7745 | D:7      | Constricted to death by a juvenile weirdshock beast

Illustrated notes

Levels and vault maps discovered:
D:1:      dpeg_arrival_simpleton_a, layout_rooms, dreamdust_wishing_well,
          st_stairs_9, minmay_strange_pillars
D:2:      layout_rooms, serial_shops, shop, nicolae_shop_hallway_plus,
          nicolae_shop_drivethru, shop, nicolae_shop_tiny_real_fake_doors,
          minmay_worlds_worst_comb
D:3:      layout_loops_ring, pdpol_wu_jian_five_deadly_venoms,
          kennysheep_vampire_church, uniq_robin
D:4:      layout_basic, cheibrodos_sewer_entry_sluice
D:5:      layout_gridville, lemuel_flamethrower_2
D:6:      layout_rooms, chequers_temple_overflow_minitemple,
          minmay_temple_entry_metal_lava, minmay_strange_pillars
D:7:      minmay_chambers_of_sixes, layout_basic, nicolae_beast_mode

Skill      XL: |  1  2  3  4  5  6  7  8  9 |
---------------+----------------------------+-----
Shapeshifting  | 4 5 6 7 9 10 | 10.4
Fighting       | 3 5 |  5.6
Unarmed Combat | 5 |  5.5
Dodging        | |  1.7

Action                     |  1- 3 |  4- 6 |  7- 9 || total
---------------------------+-------+-------+-------++-------
  Melee: Unarmed           |   120 |   129 |   373 ||   622
         Tailslap          |    11 |    15 |    53 ||    79
         Punch             |     1 |     4 |    11 ||    16
Ability: Caustic Breath    |       |       |     7 ||     7
         Lunge             |       |       |     4 ||     4
    Use: Potion            |       |     1 |     3 ||     4
   Stab: Sleeping          |     3 |       |       ||     3
 Armour: Skin              |    79 |    87 |   267 ||   433
  Dodge: Dodged            |    94 |    72 |   327 ||   493
   Form: Flux              |       |       |     1 ||     1

Table legend: (Time is in decaauts)
 A = Elapsed time spent in this place.
 B = Non-inter-level travel time spent in this place.
 C = Inter-level travel time spent in this place.
 D = Time resting spent in this place.
 E = Time spent auto-exploring this place.
 F = Levels seen in this place.
 G = Mean time per level.
                   A        B        C        D        E       F      G
               +--------+--------+--------+--------+--------+-----+--------+
         Total |   7854 |   7363 |    491 |    866 |   4972 |   8 |  981.8 |
       Dungeon |   6696 |   6205 |    491 |    866 |   4056 |   7 |  956.6 |
         Sewer |   1157 |   1157 |      0 |      0 |    916 |   1 | 1157.0 |
               +--------+--------+--------+--------+--------+-----+--------+

Top non-repeatable levels by time:
     D:5: 1482 daAuts
     D:4: 1333 daAuts
     D:3: 1204 daAuts
   Sewer: 1157 daAuts
     D:6: 1009 daAuts
     D:2: 878 daAuts
     D:1: 530 daAuts
     D:7: 257 daAuts
